[Event "58th Akiba Rubinstein GM 2022"]
[Site "Polanica-Zdroj"]
[Date "2022.08.14"]
[Round "1.1"]
[White "Kempinski, Robert"]
[Black "Donchenko, Alexander"]
[Result "1/2-1/2"]
[ECO "D12"]
[WhiteElo "2558"]
[BlackElo "2630"]
[Annotator "TA"]
[PlyCount "61"]
[EventDate "2022.08.13"]
[EventCountry "POL"]
[SourceTitle "playchess.com"]
[Source "ChessBase"]
[SourceQuality "1"]
[TimeControl "40/5400+30:1800+30"]

1. d4 d5 2. Nf3 Nf6 3. c4 c6 4. e3 Bf5 5. Nc3 e6 6. Nh4 Be4 7. f3 Bg6 {[%emt 0:00:07] D12: Slav Defence: 3 Nf3 Nf6 4 e3 Bf5.} 8. g3 Be7 9. Nxg6 {[%emt 0:02:02] 9.Nxg6 has become a bit dusty these days.} hxg6 10. Bd2 dxc4 11. Bxc4 {[%emt 0:01:22] [#]} a5 $146 ({Predecessor:} 11... O-O 12. Qe2 a6 13. O-O-O c5 14. dxc5 Nbd7 15. c6 b5 16. cxd7 bxc4 17. Kb1 Qxd7 18. e4 Rac8 19. Bg5 Qc6 20. h4 Bb4 21. h5 Bxc3 {0-1 (21) Vinchev,S (2502)-Rogetzer,K (2517) ICCF email 2016}) 12. Be2 b5 13. Qc2 Qb6 14. Rc1 Nbd7 15. O-O O-O 16. Rfd1 Rac8 17. Be1 e5 18. Bf2 exd4 19. exd4 Rfe8 20. f4 Qb7 21. Bf3 Nd5 22. Ne4 (22. Bxd5 $5 cxd5 23. Qb3 $14) 22... N7f6 23. Re1 Nb4 24. Nxf6+ Bxf6 25. Rxe8+ Rxe8 26. Qd2 Qa8 27. a3 Nd5 28. Qc2 Ne7 $1 ({Don't take} 28... Re6 29. Bxd5 cxd5 30. Qc8+ Re8 31. Qxa8 Rxa8 32. Rc5 $16) 29. Qc5 Rd8 30. Rc2 Qb8 31. Kg2 {[%emt 0:01:20] Weighted Error Value: White=0.10 (very precise) /Black=0.07 (flawless)} 1/2-1/2

[Event "58th Akiba Rubinstein GM 2022"]
[Site "Polanica-Zdroj"]
[Date "2022.08.14"]
[Round "1.2"]
[White "Tazbir, Marcin"]
[Black "Plat, Vojtech"]
[Result "0-1"]
[ECO "A10"]
[WhiteElo "2511"]
[BlackElo "2556"]
[Annotator "TA"]
[PlyCount "86"]
[EventDate "2022.08.13"]
[EventCountry "POL"]
[SourceTitle "playchess.com"]
[Source "ChessBase"]
[SourceQuality "1"]
[TimeControl "40/5400+30:1800+30"]

1. c4 g6 2. g3 Bg7 3. Bg2 e5 4. Nc3 Ne7 5. d3 Nbc6 6. e3 O-O 7. Nge2 d6 8. O-O Be6 9. Nd5 Rb8 {[%emt 0:04:55] A25: English Opening vs King's Indian with ...Nc6 but without early d3.} 10. Rb1 a6 11. b3 Qd7 {[%emt 0:04:15] White is slightly better.} 12. Bb2 b5 13. Qd2 f5 14. f4 {[%emt 0:02:50] [#]} Bf7 $146 ({Predecessor:} 14... Bxd5 15. cxd5 Nd8 16. e4 Nf7 17. Rbc1 Rfc8 18. Rc2 c5 19. dxc6 Rxc6 20. Rfc1 Rbc8 {½-½ (36) Perman,T-Tiemann,H ICCF corr 1986}) 15. Rbc1 Rfe8 16. e4 bxc4 17. bxc4 ({Don't play} 17. Rxc4 Nxd5 18. exd5 Ne7 $11) (17. dxc4 $16 Rbd8 18. Rcd1) 17... Nd4 18. fxe5 Nxe2+ 19. Qxe2 {[%emt 0:00:22] [#] aiming for Nf6+.} dxe5 20. Qf2 c6 21. Nxe7+ (21. Nb6 $5 Qc7 22. c5 $11) 21... Rxe7 22. exf5 gxf5 23. Ba3 Re6 24. Qxf5 {[%emt 0:15:33] White wants to play Rb1.} Bg6 25. Qg4 h5 26. Qg5 {[%emt 0:02:22] And now Bh3 would win.} Bxd3 27. Rfe1 Qd4+ 28. Kh1 h4 29. Rcd1 Qxc4 30. Qe3 e4 31. gxh4 (31. Rxd3 exd3 32. Qg1 Rxe1 33. Qxe1 d2 $19) 31... Qxa2 32. Bc1 ({Wrong is} 32. Rxd3 $2 exd3 33. Be4 d2 $19) 32... Rbe8 33. Bh3 {[%emt 0:01:34][%mdl 1024] White has compensation.} R6e7 34. Rd2 Qd5 (34... Qb3 $1 $11 {and Black stays safe.}) 35. Rg1 {[%emt 0:00:31] Bb2 is the strong threat.} Kh8 36. Rdg2 {[%emt 0:01:30][%cal Og2g7] White wants to mate with Rxg7!} Bd4 {[%emt 0:00:13] [#]} 37. Qh6+ (37. Bb2 $1 $18 Bxb2 38. Rxb2) 37... Rh7 $11 38. Qg6 $36 {[%emt 0:02:11][%mdl 2048] White has some pressure.} Qf7 {[%emt 0:01:34] Threatens to win with ...Qxg6.} 39. Qxc6 Bf1 (39... Rxh4 $2 40. Bf5 Bb5 41. Qd6 $18) 40. Rf2 Bb5 {[%emt 0:00:00] Chess con chili.} 41. Rxf7 $4 (41. Be3 $11 Bxc6 42. Bxd4+ Qg7 43. Rxg7 Rxg7 44. Rg2) 41... Bxc6 $19 42. Rxh7+ Kxh7 43. Re1 (43. Bf5+ Kh8 44. Rg6) 43... Bf2 {[%emt 0:00:32] Weighted Error Value: White=0.48/Black=0.32} 0-1

[Event "58th Akiba Rubinstein GM 2022"]
[Site "Polanica-Zdroj"]
[Date "2022.08.14"]
[Round "1.3"]
[White "Teclaf, Pawel"]
[Black "Bernadskiy, Vitaliy"]
[Result "1/2-1/2"]
[ECO "B32"]
[WhiteElo "2550"]
[BlackElo "2598"]
[Annotator "TA"]
[PlyCount "65"]
[EventDate "2022.08.13"]
[EventCountry "POL"]
[SourceTitle "playchess.com"]
[Source "ChessBase"]
[SourceQuality "1"]
[TimeControl "40/5400+30:1800+30"]

1. e4 c5 2. Nf3 Nc6 3. d4 cxd4 4. Nxd4 e5 5. Nb5 d6 6. c4 Be6 7. N1c3 a6 8. Na3 Rc8 9. Be3 {[%emt 0:08:04] B32: Sicilian: Löwenthal and Kalashnikov Variations.} g6 10. Be2 Bg7 11. Nc2 {[%emt 0:04:08] White has an edge.} Nf6 12. O-O O-O 13. b3 b5 14. cxb5 axb5 15. Nxb5 Nxe4 16. f3 Nf6 17. Nxd6 {[%emt 0:02:26] [#]} Ra8 $146 ({Predecessor:} 17... Rb8 18. Ne4 Nd5 19. Bc5 f5 20. Bxf8 Bxf8 21. Nf2 Bc5 22. Bc4 Nd4 23. Nxd4 Bxd4 {½-½ (64) Lagno,K (2550)-Pavlidou,E (2203) Warsaw 2021}) 18. Nb5 Nd5 19. Bc5 {[%emt 0:01:50] [#] The position is equal.} Nf4 $1 20. Bxf8 Qxf8 21. Bc4 {[%emt 0:05:23] Hoping for Bxe6.} e4 22. Rb1 {[%emt 0:11:23] Bxe6 is the strong threat.} Qc5+ 23. Kh1 Bxc4 ({Don't take} 23... Rxa2 24. fxe4 Bxc4 25. bxc4 Qxc4 26. Rxf4 $16) 24. bxc4 e3 {[%emt 0:00:23] [#] White must now prevent ...e2.} 25. Re1 ({Of course not} 25. Qd6 Qxd6 26. Nxd6 e2 $17) 25... e2 26. Qd2 Be5 {[%emt 0:01:51] Strongly threatening ...Qf2.} 27. g3 Qf2 $1 28. gxf4 Qxf3+ 29. Kg1 Qg4+ 30. Kh1 Qf3+ 31. Kg1 Qg4+ 32. Kf2 Qh4+ 33. Kxe2 {[%emt 0:06:11] A balanced but interesting game.  Weighted Error Value: White=0.04 (flawless) /Black=0.03 (flawless)} 1/2-1/2

[Event "58th Akiba Rubinstein GM 2022"]
[Site "Polanica-Zdroj"]
[Date "2022.08.14"]
[Round "1.4"]
[White "Nasuta, Grzegorz"]
[Black "Sumets, Andrey"]
[Result "1-0"]
[ECO "C02"]
[WhiteElo "2500"]
[BlackElo "2547"]
[Annotator "TA"]
[PlyCount "87"]
[EventDate "2022.08.13"]
[EventCountry "POL"]
[SourceTitle "playchess.com"]
[Source "ChessBase"]
[SourceQuality "1"]
[TimeControl "40/5400+30:1800+30"]

1. e4 e6 2. d4 d5 3. e5 c5 4. c3 Nc6 5. Nf3 Bd7 6. Be2 Nge7 7. O-O Ng6 {[%emt 0:00:15] 7...Ng6 is better than 7...Nf5.} 8. g3 f6 {[%emt 0:01:08] C02: French: Advance Variation.} 9. exf6 Qxf6 10. Be3 (10. Bg5 $5 Qf7 11. Be3 $11) 10... cxd4 {[%emt 0:00:35] White is slightly better.} 11. Nxd4 Bd6 12. Nb5 Bb8 13. Nd2 a6 14. Nd4 {[%emt 0:06:07] [#]} O-O $146 (14... e5 $11 15. N4b3 (15. Nxc6 bxc6 16. c4 Ne7 $11) 15... Bc8) ({Predecessor:} 14... e5 15. Nxc6 bxc6 16. Bc5 Ba7 17. Bxa7 Rxa7 18. Bg4 O-O 19. Bxd7 Rxd7 20. Qe2 Qg5 {0-1 (30) Nasuta,G (2511)-Piorun,K (2635) Kruszwica 2022}) 15. Qb3 b5 16. f4 Ba7 17. N2f3 Na5 18. Qa3 Nc4 19. Bxc4 dxc4 20. Qd6 {[%emt 0:02:03] Against e5} Rfd8 21. Rae1 Bb8 22. Qb6 Rc8 {[%emt 0:18:27] Inhibits Nc6.} (22... e5 $14 23. Nc6 Re8 24. Nxb8 Raxb8 25. Qxf6 gxf6) 23. Ng5 {[%emt 0:08:25] Pair of Knights!} Nf8 24. f5 {[%emt 0:03:10] 0x0.0005ed50634ddp-1022s more active pieces. The black rooks are badly placed.} (24. Qb7 $16 Ba7 25. Rf2) 24... Ba7 $1 $11 25. Qd6 Bc5 26. Qf4 e5 {[%emt 0:04:17] [#]} (26... exf5 $1 $11 27. Nxf5 Bxf5 28. Qxf5 Qxf5 29. Rxf5 Bxe3+ 30. Rxe3 Re8) 27. Qf3 $1 $36 {[%emt 0:00:14][%mdl 2048] White is really pushing.} exd4 (27... Bc6 28. Nxc6) 28. Qd5+ Kh8 29. cxd4 {[%emt 0:00:50] And now Nf7+ would win.} ({Worse is} 29. Nf7+ Qxf7 $1 30. Qxf7 Be8 $17) 29... h6 {[%emt 0:00:13] [#]} 30. Ne4 $1 ({Inferior is} 30. Nf7+ Kh7 31. Nxh6 (31. dxc5 Bc6 $17) 31... gxh6 $17) 30... Qc6 31. Qxc6 {[%emt 0:00:01][%mdl 64] Remove Defender} Bxc6 32. Nxc5 {[%emt 0:00:01] Black must now prevent f6.} Nh7 33. Bf4 Re8 34. Ne6 {[%emt 0:01:23][%cal Od4d5] Hoping for d5!} Ra7 (34... Nf6 $16 35. Be5 Ra7 36. Bxf6 gxf6) 35. Be5 $18 Rae7 (35... Rc8 $142 36. f6 gxf6) 36. h4 Kg8 37. g4 (37. Nc7 $18) 37... Nf6 $16 38. g5 hxg5 39. hxg5 Ng4 (39... Ne4 $16) 40. Rf4 $2 (40. Nxg7 $18 {and White stays clearly on top.} Rxg7 41. Bxg7 Rxe1 42. Rxe1 Kxg7 43. Re6) 40... Nxe5 $4 (40... g6 $16 {is tougher.}) 41. Rxe5 $18 {[%emt 0:19:21] White is clearly winning.} (41. dxe5 Bd5 $18) 41... Rc8 (41... g6 $142 42. f6 (42. d5 gxf5 43. a4 Bxd5 $11) 42... Rd7) 42. f6 gxf6 43. gxf6 Rd7 44. f7+ {[%emt 0:00:30] Weighted Error Value: White=0.24 (precise) /Black=0.42} 1-0

[Event "58th Akiba Rubinstein GM 2022"]
[Site "Polanica-Zdroj"]
[Date "2022.08.14"]
[Round "1.5"]
[White "Mastrovasilis, Dimitrios"]
[Black "Tomczak, Jacek"]
[Result "1-0"]
[ECO "B66"]
[WhiteElo "2597"]
[BlackElo "2596"]
[Annotator "TA"]
[PlyCount "67"]
[EventDate "2022.08.13"]
[EventCountry "POL"]
[SourceTitle "playchess.com"]
[Source "ChessBase"]
[SourceQuality "1"]
[TimeControl "40/5400+30:1800+30"]

1. e4 c5 2. Nf3 Nc6 3. d4 cxd4 4. Nxd4 Nf6 5. Nc3 d6 6. Bg5 e6 7. Qd2 a6 8. Nxc6 {[%emt 0:00:57] B66: Sicilian: Richter-Rauzer: 7...a6 8 0-0-0 h6.} bxc6 9. O-O-O Be7 10. Bxf6 {[%emt 0:04:53] White is slightly better.} gxf6 11. Bc4 O-O 12. h4 Kh8 13. g4 {[%emt 0:00:39][%cal Bg2g4,Bg4g5,Bg5g6][%mdl 32] [#]} e5 $146 (13... Rg8 $11) ({Predecessor:} 13... d5 14. Bb3 Bb7 15. Rhe1 Qc7 16. Kb1 Rad8 17. exd5 cxd5 18. f4 Qa5 19. Qd3 Rg8 {½-½ (30) Vocaturo,D (2615)-Greenfeld,A (2513) Budva 2019}) 14. Rdg1 $16 Be6 15. Bxe6 fxe6 16. g5 $1 Rg8 17. g6 Bf8 (17... Rxg6 $2 18. Rxg6 Qf8 19. Rg2 $18) 18. h5 {[%emt 0:03:39] 0x0.0013bbc6378cdp-1022s more active pieces. The black rooks are badly placed.} Ra7 19. Kb1 Qb6 20. f4 ({White should try} 20. Qd3 $16) 20... Rb7 21. b3 Qd4 22. Qxd4 exd4 23. Ne2 $40 {[%emt 0:00:56][%mdl 128] White has some attack.} c5 24. f5 {[%emt 0:01:14] Black must now prevent h6.} exf5 {[%emt 0:05:10] [#]} (24... Bh6 $1 $14) 25. Ng3 $1 Re7 26. Nxf5 Rxe4 27. Rf1 {[%emt 0:03:02] Prevents Rf4.} d5 {[%emt 0:03:43] [#]} (27... Re2 $14) 28. Rhg1 $1 {[%emt 0:00:41][%mdl 1024] White has strong compensation.} Re5 (28... Re2 $16 {was necessary.}) 29. Kc1 c4 (29... Re2 $16) 30. Kd1 ({Worse is} 30. Nxd4 Rxh5 31. Ne6 Bh6+ 32. Kb2 f5 33. bxc4 dxc4 34. gxh7 Rg4 $15) (30. bxc4 dxc4 31. Rf4 Ra5 $11) 30... a5 31. Rg4 (31. bxc4 dxc4 32. Rg4 d3 $11) 31... Re4 (31... d3 $142) 32. Rfg1 $18 {[%emt 0:00:30] And now Rxe4 would win.} Re5 (32... Rxg4 33. Rxg4 Bg7 34. bxc4 (34. Nxd4 Re8 $14) 34... dxc4 35. Rxd4 Bf8) 33. g7+ Bxg7 34. h6 {[%emt 0:00:55] Weighted Error Value: White=0.10 (very precise) /Black=0.28 (precise)} ({Not} 34. Rxg7 Rxg7 35. Nxg7 h6 $18) 1-0

[Event "58th Akiba Rubinstein GM 2022"]
[Site "Polanica-Zdroj"]
[Date "2022.08.15"]
[Round "2.1"]
[White "Plat, Vojtech"]
[Black "Tomczak, Jacek"]
[Result "1-0"]
[ECO "E36"]
[WhiteElo "2556"]
[BlackElo "2596"]
[Annotator "TA"]
[PlyCount "71"]
[EventDate "2022.08.13"]
[EventCountry "POL"]
[SourceTitle "playchess.com"]
[Source "ChessBase"]
[SourceQuality "1"]
[TimeControl "40/5400+30:1800+30"]

1. c4 Nf6 2. d4 e6 3. Nc3 Bb4 4. Qc2 d5 5. a3 Bxc3+ 6. Qxc3 c5 {[%emt 0:00:16] E36: Nimzo-Indian: Classical: 4...d5 5 a3.} 7. dxc5 d4 8. Qg3 {[%emt 0:00:07] 8.Qg3 scores better than 8.Qc2.} Nc6 {[%emt 0:00:09] The position is equal.} 9. b4 (9. Nf3 {feels hotter.} O-O 10. Bh6 Nh5 11. Qg5) 9... O-O 10. Bg5 e5 11. Nf3 $40 {[%emt 0:11:26][%mdl 128] White mounts an attack.} e4 12. Ne5 {[%emt 0:01:28] [#]} Nh5 $146 (12... h6 $11 {keeps the balance.} 13. Nxc6 (13. Bxh6 Nh5 $17) 13... bxc6 14. Bxh6 Ng4) ({Predecessor:} 12... Nxe5 13. Qxe5 a5 14. b5 Be6 15. Rd1 Nd7 16. Qg3 f6 17. Bh6 Qe7 18. Rxd4 Nxc5 {0-1 (45) El Gindy,E (2485)-Sax,G (2535) Cairo 1998}) 13. Bxd8 {[%emt 0:03:35] White is more active.} (13. Nxc6 {with more complications.} Nxg3 14. Bxd8 bxc6 15. hxg3 Rxd8 16. Rh4) 13... Nxg3 {[%emt 0:00:10] [#]} 14. Nxc6 bxc6 15. hxg3 Rxd8 16. e3 d3 17. f3 (17. Kd2 $14) 17... Be6 $11 18. Kd2 {[%emt 0:02:55] Threatens to win with Rh4.} a5 (18... Bxc4 $11 {remains equal.} 19. Rh4 f5) 19. b5 $16 {[%emt 0:02:48][%cal Bb4b5,Bb5b6][%mdl 32] b6 is the strong threat.} Bxc4 20. b6 f5 21. g4 fxg4 (21... Ba6 $16) 22. fxe4 $18 Re8 {[%emt 0:00:29] [#]} 23. g3 (23. Bxd3 $2 Rad8 24. Kc3 Bxd3 $19) (23. Rc1 $1 $18 Rxe4 24. Rc3 (24. Bxd3 Bxd3 25. Kxd3 Rae8 $16)) 23... Re5 {[%emt 0:09:52] A mistake that costs the game.} (23... Ba6 $16) 24. Rc1 (24. Bxd3 $2 Rd8 25. Rhd1 Bxd3 $19) 24... Rxc5 25. Rc3 ({And not} 25. Bxd3 Rd8 26. Rc3 Rxd3+ 27. Rxd3 Bxd3 28. Kxd3 Rb5 $11) 25... Rd8 26. a4 ({Stronger than} 26. Bxd3 {[#]} Bxd3 $1 27. Rxd3 Rxd3+ 28. Kxd3 Rb5 $11) 26... Rb8 27. Bxd3 Bxd3 28. Rxc5 Bxe4 {[%emt 0:00:03][%mdl 4096] Endgame KRR-KRB} 29. Rhh5 {[%emt 0:02:42] Strongly threatening Rhe5.} Rxb6 30. Rhe5 ({Don't play} 30. Rxa5 Rb7 31. Ra8+ Kf7 $18) 30... Bf3 (30... Bg6 {is a better defense.} 31. Kc3 Rb7) 31. Re7 Rb2+ 32. Kc3 Rg2 (32... Ra2 {was called for.} 33. Rxa5 h5) 33. Rg5 Rxg3 34. Rgxg7+ {[%emt 0:00:06] White mates.} Kf8 35. Ref7+ Ke8 36. Ra7 {[%emt 0:00:05] Weighted Error Value: White=0.09 (flawless) /Black=0.64} 1-0

[Event "58th Akiba Rubinstein GM 2022"]
[Site "Polanica-Zdroj"]
[Date "2022.08.15"]
[Round "2.2"]
[White "Sumets, Andrey"]
[Black "Mastrovasilis, Dimitrios"]
[Result "1/2-1/2"]
[ECO "E04"]
[WhiteElo "2547"]
[BlackElo "2597"]
[Annotator "TA"]
[PlyCount "83"]
[EventDate "2022.08.13"]
[EventCountry "POL"]
[SourceTitle "playchess.com"]
[Source "ChessBase"]
[SourceQuality "1"]
[TimeControl "40/5400+30:1800+30"]

1. d4 d5 2. c4 e6 3. Nf3 Nf6 4. g3 dxc4 5. Bg2 a6 6. O-O Nc6 7. Qd2 {[%emt 0:01:20] [#] E04: Open Catalan: 5 Nf3.} (7. e3 $11) 7... Bd7 $146 (7... Rb8 $15) ({Predecessor:} 7... Rb8 8. Ne5 Nxe5 9. dxe5 Qxd2 10. Nxd2 c3 11. bxc3 Nd7 12. Nc4 b6 13. Rb1 Bb7 14. Bxb7 Rxb7 {½-½ (28) Wojtaszek,R (2691)-Donchenko,A (2648) Legnica 2021}) 8. Ne5 Nxe5 9. dxe5 Nd5 10. Bxd5 exd5 11. Qxd5 Be6 $1 12. Qf3 ({But not} 12. Qxb7 $2 Bd5 13. Bg5 Qd7 $19) 12... Qd5 13. Qxd5 Bxd5 14. Nc3 Bc6 15. Rd1 Rd8 16. Bg5 Be7 (16... Rd7 $1 $15) 17. Rxd8+ $11 Bxd8 18. Bxd8 Kxd8 {[%emt 0:00:07][%mdl 4096] Endgame KRB-KRN} 19. Rd1+ Ke7 20. f4 b5 21. e4 b4 22. Nd5+ Bxd5 23. exd5 $14 {[%emt 0:00:06] KR-KR} Rd8 ({Don't play} 23... c3 24. bxc3 bxc3 25. Rc1 $16) 24. Kf2 {[%emt 0:23:43] aiming for Ke3.} c3 25. bxc3 bxc3 26. Rd3 c2 27. Rc3 $1 Rxd5 28. Rxc7+ Ke6 29. Rxc2 {[%emt 0:03:34] Hoping for Rc6+.} Ra5 $1 30. Kg2 Kf5 31. Kh3 Ra4 32. Rc7 Ke6 33. Rc8 Rxa2 34. Rh8 $1 h6 35. Rh7 $1 g6 36. Rxh6 {[%emt 0:00:33] Threatens to win with Kg4.} a5 {[%emt 0:01:14] [#]} (36... Ke7 $16) 37. Kg4 $1 $18 {[%emt 0:00:27] Rh8 is the strong threat.} a4 $2 {[%emt 0:00:21][%mdl 8192] [#]} (37... Rd2 $16 {keeps fighting.}) 38. h4 $1 {[%emt 0:03:05] Strongly threatening h5.} a3 39. Rh8 $2 (39. f5+ $1 $18 Kxe5 40. fxg6 fxg6 41. Rxg6) 39... Rg2 $1 $14 40. Ra8 a2 41. Kf3 (41. Ra5 $1 $14 {is more appropriate.}) 41... Rb2 42. Ke4 {Weighted Error Value: White=0.21 (precise) /Black=0.21 (precise)} 1/2-1/2

[Event "58th Akiba Rubinstein GM 2022"]
[Site "Polanica-Zdroj"]
[Date "2022.08.15"]
[Round "2.3"]
[White "Donchenko, Alexander"]
[Black "Nasuta, Grzegorz"]
[Result "1-0"]
[ECO "A11"]
[WhiteElo "2630"]
[BlackElo "2500"]
[Annotator "TA"]
[PlyCount "65"]
[EventDate "2022.08.13"]
[EventCountry "POL"]
[SourceTitle "playchess.com"]
[Source "ChessBase"]
[SourceQuality "1"]
[TimeControl "40/5400+30:1800+30"]

1. c4 c6 2. Nf3 d5 3. g3 Nf6 4. Bg2 Bf5 5. O-O e6 6. cxd5 exd5 7. d3 Be7 8. Qb3 {[%emt 0:10:19] A11: English Opening: 1...c6.} Qb6 9. Qc2 O-O 10. Nc3 {[%emt 0:01:07] White is slightly better.} h6 {[%emt 0:10:24] The main line 10...h6 scores better than 10...Na6.} 11. e4 Bh7 12. Re1 $5 {[%emt 0:07:04][%mdl 4] A promising side line.} (12. Rd1 $14) 12... dxe4 13. dxe4 {[%emt 0:00:15] [#]} Nd5 $146 {[%emt 0:00:09] [#]} ({Predecessor:} 13... Nbd7 14. Be3 Qa6 15. Rad1 Rfe8 16. a3 Rad8 17. Nd4 Bf8 18. f3 Ne5 19. Bf2 c5 {0-1 (49) Neelotpal,D (2472)-Peralta,F (2587) Badalona 2016}) 14. Na4 $1 $16 Qa5 15. a3 Nb6 16. Nc3 N8d7 17. Bf4 Nd5 18. Nxd5 cxd5 19. Qd2 Qxd2 20. Nxd2 d4 21. Nb3 g5 22. Bd2 Ne5 (22... d3 $11 {keeps the balance.}) 23. Nxd4 Nd3 24. Re2 Nxb2 {[%emt 0:00:15] [#]} 25. Nf5 $1 Bxf5 26. exf5 Bf6 27. Rc1 {[%emt 0:01:23] Prevents Nc4.} Rfd8 28. Bxb7 Rab8 29. Rc7 {[%emt 0:01:20] White is more active.} Nc4 30. Bb4 $36 {[%emt 0:00:51][%mdl 2048] White is on the roll.} a5 31. Be7 {[%emt 0:05:17] This bishop pair is nice.} Re8 $2 {[%emt 0:00:27][%mdl 8192] [#]} (31... Rd1+ $16 32. Kg2 Bxe7 33. Rexe7 Nd6) 32. Bxf6 $1 $18 {[%emt 0:00:38] aiming for Rxe8+.} Rxe2 33. Rxc4 {[%emt 0:00:04] Weighted Error Value: White=0.06 (flawless) /Black=0.44} 1-0

[Event "58th Akiba Rubinstein GM 2022"]
[Site "Polanica-Zdroj"]
[Date "2022.08.15"]
[Round "2.4"]
[White "Bernadskiy, Vitaliy"]
[Black "Kempinski, Robert"]
[Result "1-0"]
[ECO "A10"]
[WhiteElo "2598"]
[BlackElo "2558"]
[Annotator "TA"]
[PlyCount "75"]
[EventDate "2022.08.13"]
[EventCountry "POL"]
[SourceTitle "playchess.com"]
[Source "ChessBase"]
[SourceQuality "1"]
[TimeControl "40/5400+30:1800+30"]

1. c4 b6 2. Nc3 Bb7 3. e4 e5 4. Nf3 Nc6 5. g3 Bc5 6. Bg2 {[%emt 0:00:07][%cal Of3e5] A10: English Opening: Unusual Replies for Black.} Nge7 7. O-O O-O 8. d3 {[%emt 0:09:00] The position is equal.} d6 9. Be3 Nd4 10. Bxd4 Bxd4 11. Nxd4 exd4 12. Ne2 c5 13. g4 b5 14. b3 bxc4 15. bxc4 Rb8 {[%emt 0:03:32] [#]} 16. Ng3 $146 ({Predecessor:} 16. f4 Bc8 17. Ng3 Ng6 18. h3 Nh4 19. Qd2 Qe7 20. f5 Qe5 21. Nh5 f6 22. Nf4 {0-1 (44) Mikhalevski,V (2559)-Grachev,B (2670) Jerusalem 2015}) 16... Bc6 17. Qd2 Bd7 18. h3 Nc6 19. Rab1 Qa5 20. Qxa5 Nxa5 21. Nf5 Ba4 22. Nxd6 Bc2 23. Rbc1 (23. Rxb8 Rxb8 24. e5 Bxd3 $17) 23... Rb2 (23... Bxd3 24. Rfd1 Rbd8 25. e5 $16) 24. Rxc2 Rxc2 25. e5 $1 Rb8 {[%emt 0:17:05] Prevents Rb1.} 26. Bd5 Rxa2 ({Better is} 26... Kf8 $11) 27. Nxf7 $14 {[%emt 0:02:36] White is more active.} Nb3 (27... Kf8 $1 $14) 28. f4 (28. Ng5+ $142 Kf8 29. f4) 28... Kf8 {[%emt 0:01:26] [#]} (28... h6 $142) 29. Ng5 $1 $16 {[%emt 0:00:39] Black must now prevent f5.} Ke7 {[%emt 0:02:33] [#]} (29... Re2 $16) 30. f5 $1 $18 Ra1 $2 (30... h6) 31. f6+ gxf6 32. exf6+ Kd6 33. Rxa1 Nxa1 34. Nxh7 Nc2 35. g5 (35. f7 a5 36. g5 Ne3 $11) 35... Ne3 36. g6 {[%emt 0:01:41] Hoping for g7.} (36. f7 a5 37. g6 Nf5 $11) 36... a5 37. g7 ({Inferior is} 37. f7 Nf5 38. Be4 Nh6 $11) 37... Rb1+ 38. Kf2 {[%emt 0:00:10] Weighted Error Value: White=0.08 (flawless) /Black=0.45} 1-0

[Event "58th Akiba Rubinstein GM 2022"]
[Site "Polanica-Zdroj"]
[Date "2022.08.15"]
[Round "2.5"]
[White "Tazbir, Marcin"]
[Black "Teclaf, Pawel"]
[Result "1/2-1/2"]
[ECO "C77"]
[WhiteElo "2511"]
[BlackElo "2550"]
[Annotator "TA"]
[PlyCount "60"]
[EventDate "2022.08.13"]
[EventCountry "POL"]
[SourceTitle "playchess.com"]
[Source "ChessBase"]
[SourceQuality "1"]
[TimeControl "40/5400+30:1800+30"]

1. e4 e5 2. Nf3 Nc6 3. Bb5 a6 4. Ba4 Nf6 5. Qe2 b5 6. Bb3 Bc5 7. c3 d6 8. h3 {[%emt 0:03:02] C77: Ruy Lopez: 3...a6 4 Ba4 Nf6, unusual lines.} O-O 9. d3 Be6 10. Bg5 Bxb3 11. axb3 Qe7 12. Nbd2 h6 13. Bxf6 Qxf6 14. Nf1 Ne7 15. Ne3 Qe6 16. b4 {[%emt 0:00:06] [#]} Bb6 $146 ({Predecessor:} 16... Bxe3 17. fxe3 f5 18. O-O fxe4 19. dxe4 Qg6 20. Qd3 Qe6 21. Kh1 Kh7 {0-1 (49) Markoja,S (1939)-Flander,N (1948) Slovenia 2011}) 17. Nh4 g6 18. O-O a5 19. bxa5 Bxa5 20. Qg4 Qxg4 21. hxg4 Bb6 22. Nf3 Kg7 23. g3 f5 24. gxf5 {[%emt 0:03:55] The position is equal.} gxf5 25. Nxf5+ Nxf5 26. exf5 Rxa1 27. Rxa1 Rxf5 $11 {[%emt 0:00:05] KRB-KRN} 28. Kg2 Rf8 29. d4 exd4 30. Nxd4 {[%emt 0:00:07] [#] Black must now prevent Ne6+.} Re8 {[%emt 0:01:13] Against Ne6+. An uneventful encounter.  Weighted Error Value: White=0.05 (flawless) /Black=0.06 (flawless)} 1/2-1/2